AoeStats
← PILLOSAURIO

Arabia

510401320Analyzed
1v1 RM · 1d ago on Sep 30, 2026· 48m 42s· 2 players
Game mode
Random Map
Map size
Tiny (2 player)
Population
200
Speed
Normal
Resources
Standard
Victory
Conquest
Starting age
Dark Age
Ending age
Imperial Age
RankedLock teamsTeams togetherTeam positionsShared explorationLock speedFull tech treeHidden civsTurbo modeCheats
Victory
Defeat
🇪🇸 Byzantines · Spain
1314
+16
🇪🇸 Khitans · Spain
1304
-16
ruizcanela
6:13 Loom
9:28 Feudal Age
10:11 Double-Bit Axe
16:27 Forging
17:23 Fletching
22:02 Castle Age
20:42 Scale Barding Armor
24:00 Husbandry
25:18 Iron Casting
30:13 Padded Archer Armor
29:58 Elite Skirmisher
31:15 Leather Archer Armor
32:53 Bodkin Arrow
34:57 Chain Barding Armor
34:54 Domestication
38:09 Thumb Ring
40:05 Wheelbarrow
43:51 Imperial Age
PILLOSAURIO
6:31 Loom
9:22 Feudal Age
13:06 Double-Bit Axe
20:49 Castle Age
19:01 Gold Mining
19:52 Scale Barding Armor
20:19 Horse Collar
22:29 Forging
23:46 Bow Saw
24:06 Pikeman
28:52 Gold Shaft Mining
28:33 Squires
32:43 Scale Mail Armor
34:20 Wheelbarrow
35:49 Hand Cart
37:49 Chain Barding Armor
40:50 Imperial Age
38:14 Fletching
39:22 Husbandry
41:32 Iron Casting
42:32 Plate Barding Armor
43:03 Bodkin Arrow
45:23 Heavy Camel Rider
Connection lost

Rejoining the realm…

Still unreachable

The connection could not be restored.

Session expired

The server has moved on; the page needs a fresh start.